 Dungeon Crawl Stone Soup version 0.19.5 (webtiles) character file.

30 Wander the Ogre Mage (level 3, 0/33 HPs)
             Began as an Ogre Wanderer on Dec 12, 2016.
             Slain by an adder (4 damage)
             ... on level 2 of the Dungeon on Mar 29, 2017.
             The game lasted 00:03:26 (1222 turns).

Wander the Ogre Mage (Ogre Wanderer)                Turns: 1222, Time: 00:03:27

Health: 0/33       AC:  3    Str: 19    XL:     3   Next: 20%
Magic:  8/8        EV:  7    Int: 11    God:
Gold:   107        SH:  7    Dex:  8    Spells: 1 memorised, 8 levels left

rFire  . . .     SeeInvis .     e - +0 club
rCold  . . .     Gourm    .     d - +0 robe
rNeg   . . .     Faith    .     c - +0 shield
rPois  .         Spirit   .     (helmet restricted)
rElec  .         Reflect  .     (no cloak)
rCorr  .         Harm     .     (gloves unavailable)
MR     .....                    (boots unavailable)
Stlth  +.........               g - amulet of regeneration
                                (no ring)
                                (no ring)

@: lethally poisoned (0 -> -11)
A: unfitting armour, tough skin 1
a: no special abilities


You were on level 2 of the Dungeon.
You were not hungry.

You visited 1 branch of the dungeon, and saw 2 of its levels.

You collected 107 gold pieces.

Inventory:

Hand Weapons
 e - a +0 club (weapon)
Armour
 c - a +0 shield (worn)
 d - a +0 robe (worn)
Jewellery
 g - an amulet of regeneration (around neck)
Scrolls
 h - a scroll of random uselessness {unknown}
 i - a scroll of enchant weapon {unknown}
 j - 2 scrolls of remove curse {unknown}
 m - a scroll of identify {unknown}
 n - a scroll of teleportation {unknown}
Potions
 k - a potion of cure mutation {unknown}
 l - a potion of cancellation
Books
 a - a book of Conjurations

   Spells                             Type                      Level
   a - Magic Dart                     Conjuration                  1
   b - Searing Ray                    Conjuration                  2
   c - Dazzling Spray                 Conjuration/Hexes            3
   d - Fulminant Prism                Conjuration/Hexes            4
   e - Iskenderun's Mystic Blast      Conjuration                  4
   f - Iskenderun's Battlesphere      Conjuration/Charms           5
 b - Lem Zeerisk's Disquisition on Augmentations

   Spells                             Type                      Level
   a - Shroud of Golubria             Charms/Translocation         2
   b - Swiftness                      Charms/Air                   2
Comestibles
 f - a bread ration
 o - a meat ration


   Skills:
 - Level 1.3 Fighting
 * Level 3.6 Maces & Flails
   Level 1.0 Bows
 - Level 1.0 Throwing
 - Level 1.0 Dodging
 - Level 1.0 Shields
 - Level 3.6 Spellcasting
 - Level 1.3 Conjurations


You had 8 spell levels left.
You knew the following spells:

 Your Spells              Type           Power        Failure   Level  Hunger
a - Magic Dart            Conj           #...         83%         1    #......


Dungeon Overview and Level Annotations

Branches:
Dungeon (2/15)

Altars:


Innate Abilities, Weirdness & Mutations

You are too large for most types of armour.
You have tough skin. (AC +1)


Message History

You feel sick. You block the adder's attack.
You miss the adder.
The adder is moderately wounded.
You feel sick. The adder completely misses you. You block the adder's attack.
You miss the adder.
The adder is moderately wounded.
You feel sick. The adder bites you.
You barely miss the adder.
The adder is moderately wounded.
You feel sick. The adder bites you.
* * * LOW HITPOINT WARNING * * *
You are more poisoned.
The adder poisons you! The adder bites you.
* * * LOW HITPOINT WARNING * * *
You are more poisoned.
The adder poisons you!
It was a potion of cancellation.
You feel magically purged.
* * * LOW HITPOINT WARNING * * *
You feel sick. The adder bites you.
You die...

#################
#...............#
#.#############.#
#.# #.## #.# #...
#@# ####
######S#########
#.
#....#b.........
+.
#....#>.........
#.
#...............
#.
##+#############
##


You could see an adder and a bat.

Vanquished Creatures
  2 dart slugs (D:1)
  4 bats (D:1)
  A giant cockroach (D:1)
  3 goblins (D:1)
  3 hobgoblins (D:1)
  5 jackals (D:1)
  3 kobolds (D:1)
  3 rats
24 creatures vanquished.

Notes
Turn   | Place    | Note
-------+----------+-------------------------------------------
     0 | D:1      | Wander the Ogre Wanderer began the quest for the Orb.
     0 | D:1      | Wander set off with: a book of Conjurations, Lem Zeerisk's Disquisition on Augmentations, a +0 shield, a +0 robe, a +0 club, a bread ration
     0 | D:1      | Reached XP level 1. HP: 19/19 MP: 5/5
     0 | D:1      | Identified Lem Zeerisk's Disquisition on Augmentations
     0 | D:1      | Upgraded the game from 0.19.1 to 0.19.5
    39 | D:1      | Learned a level 1 spell: Magic Dart
   179 | D:1      | Reached skill level 1 in Maces & Flails
   267 | D:1      | Reached XP level 2. HP: 27/27 MP: 6/6
   701 | D:1      | Reached XP level 3. HP: 31/33 MP: 8/8
  1222 | D:2      | Slain by an adder

Skill      XL: |  1  2 |
---------------+-------+-----
Maces & Flails | 2 3 |  3.6
Fighting       | |  1.3
Bows           | |  1.0
Throwing       | |  1.0
Dodging        | |  1.0
Shields        | |  1.0
Spellcasting   | |  3.6
Conjurations   | |  1.3

Action                   || total
-------------------------++-------
Melee: Club              ||   144
  Use: Potion            ||     1
  Eat: Chunk             ||     1
Armor: Robe              ||    54
Dodge: Dodged            ||    49
Block: Shield            ||    60
